Map: Rhoskallian LE

Players

Indicus

  • Race: Protoss Protoss
  • Spawn Location: 6:00

Starknight

  • Race: Terran Terran
  • League: Diamond
  • Spawn Location: 5:00

Massa - Winner!

  • Race: Terran Terran
  • League: Gold
  • Spawn Location: 12:00

qqq - Winner!

  • Race: Zerg Zerg
  • Spawn Location: 11:00

VOD

Have the link to the VOD?

Description

Time

  • Played on: July 2, 2020, 2:39 p.m.
  • Length: 16:53
Show
View Real Time Build Order
Export as new Build Order

Indicus Protoss 

Build Orders:  

Get SALT Encoding   

  1  0:00  Probe  
  12  0:06  Probe  
  14  0:20  Pylon  
  14  0:22  Probe  
  15  0:38  Probe  
  15  0:41  Gateway  
  16  0:44  Assimilator  
  16  0:50  Probe  
  17  0:59  Assimilator  
  17  1:01  Probe  
  18  1:09  Probe  
  19  1:18  Probe  
  20  1:28  Cybernetics Core  
  20  1:30  Pylon  
  20  1:32  Probe  
  21  1:44  Probe  
  22  1:56  Probe  
  23  2:07  Stalker  
  25  2:08  Probe  
  25  2:09  Warp Gate  
  26  2:20  Probe  
  27  2:25  Nexus  
  27  2:33  Probe  
  28  2:39  Pylon  
  28  2:45  Probe, Stalker  
  31  3:00  Probe  
  32  3:17  Stalker  
  32  3:19  Robotics Facility  
  34  3:25  Probe  
  35  3:37  Probe  
  35  3:38  Pylon  
  36  3:49  Probe  
  37  4:00  Gateway  
  37  4:01  Probe  
  38  4:05  Stalker  
  40  4:11  Observer  
  39  4:33  Immortal  
  39  4:37  Stalker  
  36  4:59  Stalker  
  37  5:09  Stalker  
  37  5:10  Probe x2  
  41  5:20  Probe  
  41  5:22  Probe  
  43  5:28  Probe  
  43  5:30  Immortal  
  43  5:32  Sentry  
  43  5:34  Probe  
  51  5:56  Pylon  
  48  6:02  Zealot x2  
  43  6:23  Immortal  
  45  6:44  Forge  
  45  6:52  Zealot  
  45  6:53  Zealot  
  44  7:22  Zealot  
  44  7:24  Zealot  
  48  7:38  Nexus  
  48  7:40  Photon Cannon  
  48  7:44  Photon Cannon  
  48  7:47  Zealot  
  48  7:48  Zealot  
  52  8:03  Protoss Ground Weapons Level 1  
  52  8:09  Probe, Observer  
  54  8:28  Probe  
  55  8:49  Probe  
  55  8:50  Observer, Sentry x2  
  61  9:02  Probe  
  62  9:04  Probe  
  62  9:07  Twilight Council  
  63  9:14  Sentry  
  65  9:26  Pylon  
  65  9:31  Zealot  
  67  9:47  Probe, Pylon x2  
  67  9:48  Charge  
  67  9:51  Probe  
  69  9:53  Zealot  
  69  9:54  Zealot  
  73  10:03  Probe  
  74  10:22  Zealot  
  74  10:23  Zealot  
  82  10:28  Immortal  
  82  10:39  Photon Cannon  
  80  10:47  Stalker  
  79  10:54  Probe x2  
  79  11:06  Probe x2  
  62  11:37  Stalker  
  62  11:38  Stalker  
  62  12:09  Gateway x2  
  62  12:13  Probe x2  
  64  12:25  Probe x2, Zealot x2  
  74  12:51  Zealot  
  72  12:52  Zealot  
  72  12:55  Immortal  
  78  13:18  Nexus  
  78  13:28  Stalker  
  80  13:45  Zealot  
  80  13:46  Zealot  
  80  13:48  Sentry  
  86  13:52  Protoss Ground Weapons Level 2  
  86  14:02  Pylon  
  86  14:04  Pylon  
  86  14:11  Pylon  
  86  14:15  Probe x2  
  88  14:25  Sentry  
  88  14:26  Zealot  
  92  14:32  Probe x2  
  94  14:44  Probe x2  
  96  14:47  Probe  
  97  14:56  Probe x2  
  97  14:58  Sentry  
  97  14:59  Probe  
  102  15:02  Zealot x2  
  106  15:19  Photon Cannon  
  106  15:22  Photon Cannon  
  106  15:26  Pylon  
  42  16:17  Zealot x3  
  42  16:18  Zealot  
Show
View Real Time Build Order
Export as new Build Order

Starknight Terran 

Build Orders:  

Get SALT Encoding   

  12  0:02  SCV  
  13  0:14  SCV  
  14  0:21  Supply Depot  
  14  0:26  SCV  
  15  0:43  SCV  
  15  0:44  Barracks  
  16  0:52  Refinery  
  16  0:55  SCV  
  17  1:01  Refinery  
  17  1:07  SCV  
  18  1:19  SCV  
  19  1:31  SCV  
  19  1:32  Barracks Tech Lab  
  20  1:40  Barracks  
  20  1:43  SCV  
  21  1:55  SCV  
  22  2:05  Marine, Stimpack  
  22  2:06  Supply Depot  
  23  2:13  Orbital Command  
  23  2:28  Marine  
  24  2:43  Command Center  
  24  2:46  SCV  
  25  2:53  Marine  
  26  3:19  Marine x2  
  27  3:29  SCV  
  28  3:36  Factory  
  28  3:37  Marine x2  
  30  3:41  SCV  
  31  4:09  Supply Depot  
  31  4:10  Marine  
  31  4:12  SCV, Marine, Supply Depot  
  26  4:28  Marine  
  26  4:30  Marine  
  26  4:46  Marine  
  26  4:48  Marine  
  28  4:59  Orbital Command  
  28  5:00  SCV  
  28  5:04  Marine  
  28  5:05  Marine  
  28  5:06  Starport  
  31  5:10  Engineering Bay, Combat Shield  
  31  5:13  SCV  
  32  5:21  Factory Tech Lab  
  32  5:22  Marine  
  32  5:23  Marine  
  32  5:25  SCV  
  35  5:32  SCV  
  36  5:37  SCV  
  36  5:39  Marine  
  36  5:40  Terran Infantry Weapons Level 1  
  36  5:41  Marine  
  37  5:44  SCV  
  30  5:52  Siege Tank  
  30  5:55  Starport Reactor  
  33  5:57  Marine  
  33  5:59  Barracks, Marine  
  35  6:15  Marine  
  35  6:17  Marine  
  38  6:18  SCV x2  
  38  6:25  Siege Tank  
  42  6:30  SCV x2  
  44  6:33  Marine  
  44  6:34  Marine  
  38  6:43  SCV x2  
  38  6:46  Marine  
  32  6:51  Marine  
  32  6:52  Marine  
  28  6:56  Medivac x2  
  28  7:08  Marine  
  28  7:10  Marine  
  29  7:22  SCV  
  29  7:23  SCV  
  29  7:26  Marine  
  29  7:28  Marine  
  32  7:34  SCV  
  32  7:36  SCV  
  34  7:42  Marine  
  35  7:44  Marine  
  35  7:46  Marine  
  35  7:47  SCV  
  35  7:48  SCV  
  39  7:59  SCV  
  39  8:00  SCV  
  39  8:03  Supply Depot  
  39  8:05  Supply Depot  
  41  8:11  SCV  
  39  8:24  SCV, Marine  
  39  8:25  Marine x2  
  39  8:27  Supply Depot  
  42  8:51  Marine  
  42  8:52  Marine x2  
  42  8:54  Widow Mine  
  47  8:57  SCV x2  
  49  9:09  SCV, Marine  
  51  9:10  Marine x2  
  51  9:15  Widow Mine  
  51  9:27  Marine  
  51  9:28  Terran Infantry Armor Level 1, Marine x2  
  51  9:29  SCV x2  
  56  9:36  Widow Mine  
  58  9:45  Marine x3  
  54  9:52  SCV x2  
  52  9:53  Armory  
  52  9:58  Widow Mine  
  54  10:03  Marine x3  
  54  10:05  Missile Turret  
  57  10:11  SCV  
  57  10:14  SCV  
  59  10:19  Widow Mine  
  59  10:20  Marine  
  62  10:21  Refinery, Marine x2  
  62  10:23  SCV  
  62  10:26  SCV  
  66  10:30  Medivac  
  66  10:32  Medivac  
  70  10:36  SCV  
  70  10:37  Supply Depot  
  70  10:38  Marine  
  70  10:39  Marine x2  
  73  10:56  Marine  
  73  10:57  Marine x2  
  76  11:12  Widow Mine  
  76  11:14  Marine x3  
  81  11:32  Marine x3  
  66  11:33  Widow Mine  
  46  11:50  Marine x3  
  49  11:54  Widow Mine  
  49  11:56  SCV x2  
  51  12:02  Command Center  
  51  12:07  Marine  
  51  12:08  Marine x2  
  50  12:16  Widow Mine  
  50  12:21  Terran Infantry Weapons Level 2  
  52  12:23  Drilling Claws  
  52  12:25  Marine  
  52  12:26  Marine x2, Medivac x2  
  59  12:37  Widow Mine  
  59  12:43  Marine  
  59  12:44  Marine x2  
  62  12:58  Widow Mine  
  62  13:01  Marine x3  
  67  13:19  SCV x2, Marine x3  
  72  13:20  Widow Mine  
  72  13:21  Orbital Command  
  73  13:31  SCV  
  65  13:36  Marine  
  65  13:37  Marine x2  
  70  13:41  Widow Mine  
  63  13:54  Marine  
  63  13:55  Marine x2  
  68  14:03  Widow Mine  
  68  14:12  Marine  
  68  14:13  Marine x2  
  68  14:17  Orbital Command  
  70  14:23  Orbital Command  
  70  14:24  Widow Mine  
  70  14:30  Marine x3  
  70  14:31  Medivac x2  
  76  14:45  Widow Mine  
  76  14:48  Marine x3  
  79  14:59  SCV  
  81  15:00  SCV  
  81  15:01  Medivac  
  81  15:05  Marine  
  81  15:06  Marine, Supply Depot  
  85  15:08  Supply Depot  
  85  15:10  Supply Depot  
  85  15:14  SCV  
  85  15:15  Marine  
  85  15:16  SCV  
  84  15:23  Widow Mine, Marine  
  84  15:24  Marine  
  76  15:32  Marine  
  77  15:41  Marine  
  77  15:42  Marine  
  79  15:44  Widow Mine  
  80  15:50  Marine  
  73  16:05  Widow Mine  
  71  16:20  Marine  
  71  16:21  Marine x2  
  72  16:27  Widow Mine  
Show
View Real Time Build Order
Export as new Build Order

Massa Terran - Winner!

Build Orders:  

Get SALT Encoding   

  12  0:03  SCV  
  13  0:18  Supply Depot  
  13  0:19  SCV  
  14  0:26  Refinery  
  14  0:31  SCV  
  15  0:43  Barracks  
  15  0:51  SCV  
  16  1:03  SCV  
  17  1:15  SCV  
  18  1:27  SCV  
  19  1:34  Factory  
  19  1:40  Orbital Command  
  19  1:45  Reaper  
  20  1:51  Refinery  
  20  2:04  Supply Depot  
  20  2:17  Marine  
  20  2:19  Factory Tech Lab  
  21  2:25  Supply Depot  
  22  2:30  SCV  
  22  2:42  Starport  
  22  3:06  SCV  
  23  3:18  SCV  
  24  3:29  Marine  
  24  3:30  SCV  
  24  3:31  Siege Tank  
  24  3:34  Supply Depot  
  29  3:47  Marine  
  29  3:48  SCV  
  31  3:51  Medivac  
  33  3:57  Supply Depot  
  33  4:00  SCV  
  34  4:07  Command Center  
  34  4:10  Barracks  
  34  4:21  Supply Depot  
  34  4:38  Marine  
  35  4:56  Marine  
  35  4:59  Siege Tank  
  39  5:01  Medivac  
  39  5:03  Barracks Tech Lab  
  41  5:07  SCV  
  42  5:14  Marine  
  42  5:19  SCV  
  44  5:23  Orbital Command  
  44  5:24  Barracks  
  44  5:28  Engineering Bay  
  44  5:31  Refinery, SCV  
  44  5:32  Marine  
  46  5:43  SCV  
  47  5:55  SCV  
  48  6:08  SCV  
  49  6:25  Barracks Tech Lab  
  48  6:46  Barracks Tech Lab  
  48  6:49  Siege Tank  
  45  7:20  Marauder  
  45  7:21  Marauder x2  
  45  7:24  Terran Infantry Weapons Level 1  
  45  7:31  SCV x2  
  47  7:39  Stimpack  
  47  7:40  Combat Shield  
  47  7:42  Marauder x3  
  47  7:43  SCV x2  
  55  7:44  Concussive Shells  
  55  7:53  Siege Tank  
  55  7:54  Command Center  
  55  7:55  SCV x2  
  60  8:01  Missile Turret  
  60  8:03  Reaper, Marauder x2  
  65  8:07  SCV x2  
  65  8:10  Medivac  
  69  8:19  SCV x2  
  71  8:24  Barracks  
  71  8:25  Marauder x2  
  75  8:56  Missile Turret  
  75  9:06  Marauder  
  75  9:09  Missile Turret  
  77  9:13  Marauder  
  77  9:16  Marauder  
  75  9:28  Missile Turret  
  75  9:34  Marauder  
  77  9:44  Planetary Fortress  
  77  9:51  Supply Depot  
  77  10:02  Supply Depot x3  
  77  10:05  Supply Depot  
  77  10:10  Missile Turret, Supply Depot  
  77  10:13  SCV x2, Marauder x3  
  85  10:23  Medivac  
  85  10:25  SCV  
  88  10:31  Missile Turret  
  88  10:35  Marauder x3  
  94  10:37  SCV  
  94  10:38  SCV x2  
  98  10:50  SCV x3  
  98  10:52  Command Center  
  98  10:56  Marauder x2  
  104  11:02  SCV x3  
  84  11:27  Siege Tank  
  84  11:30  SCV x3  
  90  11:39  Missile Turret  
  90  11:42  SCV x2  
  90  11:43  SCV  
  93  11:50  Factory  
  93  11:52  Command Center  
  93  11:53  Barracks Reactor  
  93  11:54  SCV  
  93  11:59  Missile Turret, Siege Tank  
  97  12:03  Engineering Bay  
  97  12:08  Terran Infantry Armor Level 1  
  97  12:10  Armory  
  97  12:16  SCV x3  
  97  12:18  Orbital Command  
  97  12:22  Missile Turret  
  100  12:27  Medivac  
  100  12:28  SCV  
  100  12:29  Marauder x3  
  109  12:31  Armory, Marine  
  109  12:35  Factory Tech Lab  
  110  12:43  Missile Turret  
  110  12:50  Marauder x3  
  116  13:02  Marine  
  116  13:03  Marine  
  116  13:04  Missile Turret  
  116  13:05  Thor  
  124  13:08  Thor  
  124  13:11  Marauder x2  
  124  13:12  Marauder  
  136  13:20  Marine x2  
  136  13:26  Planetary Fortress  
  138  13:32  Starport Tech Lab  
  138  13:33  Marauder x3  
  144  13:34  Terran Infantry Weapons Level 2  
  144  13:38  Marine x2  
  146  13:41  Refinery  
  146  13:44  Refinery  
  146  13:46  Refinery  
  146  13:49  Smart Servos  
  146  13:54  Marauder x3  
  152  13:56  Marine x2  
  152  14:02  SCV  
  155  14:04  Missile Turret  
  155  14:14  Supply Depot x2  
  155  14:17  Supply Depot x2  
  155  14:19  Terran Vehicle And Ship Armor Level 1  
  155  14:25  Missile Turret  
  155  14:31  Terran Infantry Armor Level 2  
  155  14:36  SCV x5, Marauder x3, Raven  
  168  14:39  Refinery, Supply Depot  
  168  14:40  Refinery, Supply Depot x2  
  168  14:41  Supply Depot  
  168  14:48  SCV x5  
  168  14:49  Marine  
  168  14:50  Marine  
  175  14:57  Marauder x2  
  175  14:58  Marauder  
  181  15:00  SCV x5  
  181  15:04  Supply Depot  
  181  15:06  Supply Depot  
  186  15:07  Marine x2  
  186  15:12  SCV  
  189  15:19  Marauder x3  
  195  15:25  Marine  
  196  15:40  Marauder x2  
Show
View Real Time Build Order
Export as new Build Order

qqq Zerg - Winner!

Build Orders: Hatch First 

Get SALT Encoding   

  12  0:03  Drone  
  13  0:33  Hatchery  
  12  0:45  Drone x2  
  12  0:49  Overlord  
  14  0:52  Extractor  
  14  0:57  Drone  
  14  1:16  Spawning Pool  
  13  1:21  Drone  
  13  1:22  Drone  
  15  1:30  Drone  
  16  1:40  Drone  
  17  1:51  Drone  
  18  1:55  Drone  
  18  1:58  Drone  
  20  2:01  Drone  
  20  2:05  Queen  
  23  2:09  Drone  
  23  2:13  Drone  
  25  2:19  Metabolic Boost  
  25  2:23  Drone  
  25  2:28  Overlord  
  26  2:34  Drone  
  26  2:35  Zergling x2  
  28  2:43  Overlord  
  28  2:46  Overlord  
  28  2:55  Zergling x2  
  28  2:56  Zergling x2  
  30  3:02  Queen  
  30  3:04  Zergling x2  
  33  3:12  Zergling x2  
  34  3:13  Zergling x2  
  35  3:24  Zergling x6  
  35  3:26  Drone  
  39  3:39  Drone  
  39  3:40  Zergling x2  
  41  3:51  Zergling x2  
  42  3:56  Drone, Zergling x2  
  44  4:03  Zergling x2  
  44  4:12  Hatchery  
  43  4:24  Zergling x6  
  43  4:25  Zergling x2  
  43  4:26  Zergling x6  
  48  4:43  Zergling x8  
  44  4:53  Zergling x2  
  45  5:01  Drone  
  45  5:02  Lair  
  45  5:04  Zergling x2  
  47  5:10  Drone  
  48  5:30  Zergling x4  
  48  5:31  Drone x3  
  48  5:32  Zergling x4  
  52  5:46  Hatchery  
  51  5:52  Zergling x2  
  51  5:53  Zergling x6  
  51  5:54  Drone, Zergling x4  
  51  5:55  Hatchery  
  57  5:57  Overlord x2  
  57  5:58  Overlord  
  57  6:00  Hatchery  
  55  6:13  Zergling x2  
  55  6:14  Drone  
  55  6:17  Overlord x3  
  56  6:20  Overlord  
  56  6:27  Drone  
  56  6:28  Zergling x2  
  52  6:51  Zergling x4  
  52  6:52  Drone x3, Zergling x4  
  54  7:01  Zergling x2  
  54  7:02  Zergling x4  
  54  7:06  Drone  
  57  7:13  Zergling x2  
  57  7:14  Drone x2  
  57  7:15  Drone  
  61  7:19  Roach Warren  
  60  7:24  Extractor  
  60  7:27  Zergling x2, Spire  
  60  7:28  Zergling x8  
  60  7:29  Drone x3  
  66  7:37  Zergling x2  
  66  7:38  Zergling x4, Evolution Chamber  
  66  7:39  Zergling x2, Evolution Chamber  
  68  7:47  Zergling x2  
  68  7:48  Drone x3, Zergling x6  
  62  8:30  Zergling x2  
  62  8:31  Drone x2, Zergling x4  
  62  8:32  Drone x2, Zergling x10  
  62  8:33  Zergling x6  
  81  8:34  Roach x3  
  78  8:47  Mutalisk  
  77  8:49  Mutalisk x3  
  77  8:50  Mutalisk x2  
  77  8:54  Spore Crawler  
  77  8:55  Spine Crawler  
  85  8:57  Drone, Spine Crawler, Spore Crawler  
  85  8:58  Drone x4  
  85  8:59  Mutalisk  
  90  9:03  Spore Crawler  
  90  9:05  Spine Crawler  
  90  9:07  Zerg Flyer Weapons Level 1  
  88  9:10  Mutalisk  
  88  9:12  Drone  
  91  9:17  Mutalisk  
  93  9:30  Mutalisk  
  95  9:31  Drone x2  
  95  9:32  Drone x3  
  95  9:33  Drone x5  
  105  9:50  Mutalisk  
  106  9:52  Drone  
  106  9:53  Drone x7  
  106  9:56  Extractor  
  106  9:57  Extractor  
  106  9:59  Drone x4  
  115  10:00  Extractor, Overlord x2  
  115  10:03  Extractor  
  115  10:06  Extractor  
  112  10:07  Extractor  
  111  10:14  Mutalisk  
  111  10:16  Drone x4  
  111  10:17  Drone x6  
  123  10:25  Zerg Melee Weapons Level 1  
  123  10:59  Mutalisk x3  
  123  11:01  Drone x6  
  123  11:02  Drone x4  
  139  11:07  Drone  
  139  11:08  Drone x4  
  144  11:18  Drone x4  
  148  11:19  Extractor  
  110  12:14  Mutalisk x6  
  120  12:15  Mutalisk  
  120  12:16  Mutalisk x7  
  120  12:17  Mutalisk x2  
  120  12:18  Drone x2  
  142  12:26  Infestation Pit  
  142  12:28  Extractor  
  140  12:32  Spine Crawler  
  139  12:39  Extractor  
  134  12:57  Drone x5  
  134  12:58  Drone x7, Mutalisk  
  145  13:01  Overlord x2  
  145  13:02  Overlord x3  
  148  13:06  Hatchery  
  147  13:13  Extractor  
  147  13:14  Hatchery  
  147  13:15  Spine Crawler  
  147  13:16  Spine Crawler  
  123  13:37  Mutalisk x4  
  123  13:38  Mutalisk x2  
  123  13:39  Drone  
  123  13:40  Drone x4  
  138  13:52  Mutalisk x2  
  138  13:53  Drone  
  138  13:54  Drone x4  
  147  13:57  Zerg Melee Weapons Level 2  
  147  13:59  Zerg Ground Armor Level 1  
  147  14:02  Hive  
  147  14:08  Drone  
  147  14:09  Drone x2  
  150  14:10  Hydralisk Den  
  147  14:30  Pneumatized Carapace  
  143  14:33  Overseer  
  143  14:34  Mutalisk x4  
  143  14:35  Mutalisk x2  
  143  14:36  Drone x2  
  143  14:37  Drone x7  
  164  14:39  Mutalisk x2  
  168  14:49  Spore Crawler  
  168  14:51  Drone  
  168  14:54  Spine Crawler x2  
  158  15:35  Mutalisk x4  
  158  15:36  Mutalisk x4  
  158  15:37  Mutalisk x6  
  158  15:38  Overlord x2  
  158  15:39  Overlord x2  
  164  16:07  Mutalisk x2  
  164  16:08  Mutalisk x2  
  172  16:18  Ultralisk Cavern  
  172  16:20  Nydus Network  
  172  16:21  Lurker Den  
  172  16:22  Mutalisk x4  
  172  16:23  Mutalisk x4  
  172  16:24  Mutalisk x5  
Tags
 
Add a new tag
Caveats
  • Supply blocks, unpowered buildings, or Contaminate may cause inaccurate times.
  • Supply counts are checked every 10 seconds.